 Dungeon Crawl Stone Soup version 0.26-a0-30-g56b8cd3df0 (webtiles) character file.

Game seed: 10150611686288408318, levelgen mode: deterministic

63 Lanoc the Slasher (level 3, -3/31 HPs)
             Began as a Draconian Gladiator on May 31, 2020.
             Slain by a hound (4 damage)
             ... on level 2 of the Dungeon.
             The game lasted 00:01:13 (738 turns).

Lanoc the Slasher (Draconian Gladiator)              Turns: 738, Time: 00:01:13

Health: -3/31      AC:  5    Str: 16    XL:     3   Next: 87%
Magic:  3/3        EV: 13    Int:  8    God:
Gold:   34         SH:  0    Dex: 13    Spells: 2/2 levels left

rFire    . . .     SeeInvis .   a - +0 long sword
rCold    . . .     Gourm    .   (no shield)
rNeg     . . .     Faith    .   (armour unavailable)
rPois    .         Spirit   .   b - +0 hat
rElec    .         Reflect  .   (no cloak)
rCorr    .         Harm     .   (no gloves)
MR       .....                  (no boots)
Stlth    +.........             (no amulet)
HPRegen  0.10/turn              (no ring)
MPRegen  0.08/turn              (no ring)

@: no status effects
A: unfitting armour, cold-blooded, AC +5
a: no special abilities


You were on level 2 of the Dungeon.
You were not hungry.

You visited 1 branch of the dungeon, and saw 3 of its levels.

You collected 34 gold pieces.

Inventory:

Hand Weapons
 a - a +0 long sword (weapon)
Missiles
 c - 2 throwing nets (quivered)
Armour
 b - a +0 hat (worn)
Wands
 k - a wand of disintegration (14)
Scrolls
 e - a scroll of fear {unknown}
 g - a scroll of remove curse {unknown}
 h - a scroll of amnesia {unknown}
 j - 2 scrolls of identify {unknown}
Potions
 f - a potion of degeneration {unknown}
 l - a potion of flight {unknown}
 m - a potion of heal wounds {unknown}
 n - 2 potions of brilliance {unknown}
Comestibles
 d - 3 rations
 i - 3 chunks of flesh


   Skills:
 + Level 3.0 Fighting
 * Level 4.0 Long Blades
 - Level 1.7 Throwing
 + Level 3.2 Dodging


You had 2 spell levels left.
You didn't know any spells.
Your spell library was empty.

Dungeon Overview and Level Annotations

Branches:
Dungeon (3/15)

Altars:

Annotations:
D:3 Robin


Innate Abilities, Weirdness & Mutations

Your plain brown scales are hard. (AC +5)
You cannot fit into any form of body armour.
You are cold-blooded and may be slowed by cold attacks.


Message History

The hound is severely wounded.
The hound closely misses you. The rat misses you. The hound barely misses you.
You hit the hound.
The hound is almost dead.
The hound bites you.
* * * LOW HITPOINT WARNING * * *
The rat bites you but does no damage. The hound closely misses you.
You riposte.
You hit the hound but do no damage.
The hound is almost dead.
The rat bites you.
* * * LOW HITPOINT WARNING * * *
You barely miss the hound.
The hound is almost dead.
The hound bites you but does no damage. The rat misses you.
The hound bites you.
* * * LOW HITPOINT WARNING * * *
You miss the hound.
The hound is almost dead.
The hound bites you.
You die...

#. ## #.
.# # #.
.#.#
#.#.#.#
#.....#
##.....##
#...h...#
#..@r...#
#.......#
##.....##
##...##
##.## .#
.# .#


You could see a hound and a rat.

Vanquished Creatures
  A hound (D:3)
  2 worms (D:3)
  A dart slug (D:1)
  2 leopard geckos
  A bat (D:3)
  2 giant cockroaches (D:3)
  6 goblins (D:3)
  3 hobgoblins (D:3)
  3 kobolds
  A rat (D:3)
22 creatures vanquished.

Notes
Turn   | Place    | Note
-------+----------+-------------------------------------------
     0 | D:1      | Lanoc the Draconian Gladiator began the quest for the Orb.
     0 | D:1      | Reached XP level 1. HP: 17/17 MP: 1/1
   295 | D:3      | Noticed Robin
   314 | D:3      | Reached XP level 2. HP: 22/25 MP: 2/2
   522 | D:3      | Reached XP level 3. HP: 26/30 MP: 3/3
   697 | D:3      | Reached skill level 4 in Long Blades
   737 | D:2      | HP: 1/31 [hound (2)]
   738 | D:2      | Slain by a hound

Illustrated notes

Levels and vault maps discovered:
D:1:      zelgadis_glass_arrival_small, layout_basic
D:2:      layout_loops_cross, minitemple
D:3:      layout_loops_cross, grunt_decor_mini_mirrors, cheibrodos_gnoll_hut,
          uniq_robin

Skill      XL: |  1  2  3 |
---------------+----------+-----
Dodging        | 3 |  3.2
Fighting       | 3 |  3.0
Long Blades    | 4 |  4.0
Throwing       | |  1.7

Action                   || total
-------------------------++-------
Melee: Long sword        ||    58
       Tailslap          ||     8
Throw: Throwing net      ||     1
Armor: Skin              ||    14
Dodge: Dodged            ||    57
       Rpst.: Long sword ||    22

Table legend:
 A = Non-vault XP
 B = Vault XP
 C = Vault XP percentage of total XP
 D = Non-vault monster count
 E = Vault monster count
 F = Vault count percentage of total count
                 A         B        C        D         E       F
            +---------+---------+-------+---------+---------+-------
      Total |      33 |      57 |  63.3 |      13 |       9 |  40.9
            +---------+---------+-------+---------+---------+-------
        D:1 |       6 |       0 |   0.0 |       3 |       0 |   0.0
        D:2 |       3 |       0 |   0.0 |       1 |       0 |   0.0
        D:3 |      24 |      57 |  70.4 |       9 |       9 |  50.0
            +---------+---------+-------+---------+---------+-------
